BSA
LOS ANGELES BRUINS @ IRVINE GANG GREEN
08/20/2024
 
TOP OF THE 1ST
Los Angeles Bruins batting - Pitching for Irvine Gang Green : LHP Frank Jackson
Pitching: LHP Frank Jackson
Batting: SHB Ramón Lugo 0-0: Called Strike
0-1: Swinging Strike
0-2: Foul Ball, location: 2F
0-2: Foul Ball, location: 2F
0-2: Ball
1-2: Ball
2-2: Ball
3-2: Fly out, F8 (Flyball, 8LXD)
Batting: RHB Tom Doherty 0-0: Foul Ball, location: 2F
0-1: Ball
1-1: Called Strike
1-2: Foul Ball, location: 2F
1-2: Foul Ball, location: 2F
1-2: Ball
2-2: SINGLE (Flyball, 8RS)
Batting: LHB Richard Hunter 0-0: Called Strike
0-1: Ball
1-1: Foul Ball, location: 2F
1-2: Foul Ball, location: 2F
1-2: Ball
2-2: Strikes out swinging
Batting: RHB Rubén Calderón 0-0: Called Strike
0-1: Ball
1-1: Fly out, F9 (Popup, 4D)
Top of the 1st over - 0 run(s), 1 hit(s), 0 error(s), 1 left on base; Los Angeles 0 - Irvine 0
BOTTOM OF THE 1ST
Irvine Gang Green batting - Pitching for Los Angeles Bruins : RHP Juan González
Pitching: RHP Juan González
Batting: LHB Tony Tavárez 0-0: Ball
1-0: Ground out 4-3 (Groundball, 4)
Batting: LHB Bryce Hopkins 0-0: Ground out U3 (Groundball, 3S)
Batting: LHB Víctor Quiñones 0-0: Ball
1-0: Called Strike
1-1: Ground out 1-3 (Groundball, 25)
Bottom of the 1st over - 0 run(s), 0 hit(s), 0 error(s), 0 left on base; Los Angeles 0 - Irvine 0
TOP OF THE 2ND
Los Angeles Bruins batting - Pitching for Irvine Gang Green : LHP Frank Jackson
Batting: RHB Morgan Gibbon 0-0: Ball
1-0: Ball
2-0: Ball
3-0: Ground out 6-3 (Groundball, 6)
Batting: LHB José Antonio Santiago 0-0: Ball
1-0: Swinging Strike
1-1: Ball
2-1: Ground out 4-3 (Groundball, 4)
Batting: RHB Gregg Nelson 0-0: Ball
1-0: Fly out, F4 (Popup, 3D)
Top of the 2nd over - 0 run(s), 0 hit(s), 0 error(s), 0 left on base; Los Angeles 0 - Irvine 0
BOTTOM OF THE 2ND
Irvine Gang Green batting - Pitching for Los Angeles Bruins : RHP Juan González
Batting: LHB Leonardo Medina 0-0: SINGLE (Line Drive, 8RS)
Batting: RHB Oliver Hernández 0-0: Ball
1-0: Called Strike
1-1: Ball
2-1: Fly out, F4 (Line Drive, 4MD)
Batting: LHB Bill Murphy 0-0: Ball
1-0: Called Strike
1-1: Foul Ball, location: 2F
1-2: Foul Ball, location: 2F
1-2: Foul Ball, location: 2F
1-2: Strikes out swinging
Batting: LHB Tom Baker 0-0: Called Strike
0-1: Ball
1-1: Called Strike
1-2: Foul Ball, location: 2F
1-2: Strikes out looking
Bottom of the 2nd over - 0 run(s), 1 hit(s), 0 error(s), 1 left on base; Los Angeles 0 - Irvine 0
TOP OF THE 3RD
Los Angeles Bruins batting - Pitching for Irvine Gang Green : LHP Frank Jackson
Batting: SHB Miguel González 0-0: Ball
1-0: Fly out, F8 (Flyball, 8RM)
Batting: RHB Brendan Vigors 0-0: Swinging Strike
0-1: Foul Ball, location: 2F
0-2: Ball
1-2: Ball
2-2: Ground out 6-3 (Groundball, 6)
Batting: SHB Ramón Lugo 0-0: Swinging Strike
0-1: Foul Ball, location: 2F
0-2: Foul Ball, location: 2F
0-2: Ball
1-2: Foul Ball, location: 2F
1-2: Foul Ball, location: 2F
1-2: Foul Ball, location: 2F
1-2: Foul Ball, location: 2F
1-2: Fly out, F8 (Flyball, 8LM)
Top of the 3rd over - 0 run(s), 0 hit(s), 0 error(s), 0 left on base; Los Angeles 0 - Irvine 0
BOTTOM OF THE 3RD
Irvine Gang Green batting - Pitching for Los Angeles Bruins : RHP Juan González
Batting: RHB José Salazar 0-0: Swinging Strike
0-1: Foul Ball, location: 2F
0-2: Ground out 6-3 (Groundball, 6)
Batting: SHB Adrián Ramírez 0-0: Called Strike
0-1: Called Strike
0-2: Strikes out swinging
Batting: LHB Tony Tavárez 0-0: Called Strike
0-1: Ground out U3 (Groundball, 3S)
Bottom of the 3rd over - 0 run(s), 0 hit(s), 0 error(s), 0 left on base; Los Angeles 0 - Irvine 0
TOP OF THE 4TH
Los Angeles Bruins batting - Pitching for Irvine Gang Green : LHP Frank Jackson
Batting: RHB Tom Doherty 0-0: Ball
1-0: Ground out 6-3 (Groundball, 6)
Batting: LHB Richard Hunter 0-0: Called Strike
0-1: Ball
1-1: Swinging Strike
1-2: Ball
2-2: Ball
3-2: SINGLE (Line Drive, 34D)
Batting: RHB Rubén Calderón 0-0: Ball
1-0: Swinging Strike
1-1: Called Strike
1-2: SINGLE (Line Drive, 5D)
Richard Hunter to second
Batting: RHB Morgan Gibbon 0-0: Foul Ball, location: 2F
0-1: Ball
1-1: Grounds into double play, 6-4-3 (Groundball, 56)
Top of the 4th over - 0 run(s), 2 hit(s), 0 error(s), 1 left on base; Los Angeles 0 - Irvine 0
BOTTOM OF THE 4TH
Irvine Gang Green batting - Pitching for Los Angeles Bruins : RHP Juan González
Batting: LHB Bryce Hopkins 0-0: Called Strike
0-1: Ball
1-1: Foul Ball, location: 2F
1-2: Foul Ball, location: 2F
1-2: DOUBLE (Line Drive, 9LS)
Batting: LHB Víctor Quiñones 0-0: Swinging Strike
0-1: Fly out, F7 (Flyball, 78S)
Batting: LHB Leonardo Medina 0-0: Ball
1-0: Foul Ball, location: 2F
1-1: Foul Ball, location: 2F
1-2: Ball
2-2: SINGLE (Line Drive, 89S)
Bryce Hopkins to third
Batting: RHB Oliver Hernández 0-0: Called Strike
0-1: Ball
1-1: Grounds into double play, 4-6-3 (Groundball, 4)
Bottom of the 4th over - 0 run(s), 2 hit(s), 0 error(s), 1 left on base; Los Angeles 0 - Irvine 0
TOP OF THE 5TH
Los Angeles Bruins batting - Pitching for Irvine Gang Green : LHP Frank Jackson
Batting: LHB José Antonio Santiago 0-0: Ground out 5-3 (Groundball, 56)
Batting: RHB Gregg Nelson 0-0: Called Strike
0-1: Foul Ball, location: 2F
0-2: Ball
1-2: Strikes out swinging
Batting: SHB Miguel González 0-0: Swinging Strike
0-1: Called Strike
0-2: Ball
1-2: Ball
2-2: Strikes out looking
Top of the 5th over - 0 run(s), 0 hit(s), 0 error(s), 0 left on base; Los Angeles 0 - Irvine 0
BOTTOM OF THE 5TH
Irvine Gang Green batting - Pitching for Los Angeles Bruins : RHP Juan González
Batting: LHB Bill Murphy 0-0: Bunted foul
0-1: Ball
1-1: Ground out 4-3 (Groundball, 4)
Batting: LHB Tom Baker 0-0: Ball
1-0: Foul Ball, location: 2F
1-1: Ball
2-1: DOUBLE (Groundball, 3D)
Batting: RHB José Salazar 0-0: Intentional Walk
Batting: SHB Adrián Ramírez 0-0: Called Strike
0-1: SINGLE (Line Drive, 4)
Tom Baker to third
José Salazar to second
Runner from 3rd tries for Home, SAFE, throw made home
Batting: LHB Tony Tavárez 0-0: Ball
1-0: Ball
2-0: Called Strike
2-1: Fielders Choice at 2nd, 3-6 (Groundball, 34)
José Salazar to third
Batting: LHB Bryce Hopkins 0-0: Ball
1-0: Foul Ball, location: 2F
1-1: Foul Ball, location: 2F
1-2: Foul Ball, location: 2F
1-2: Ball
2-2: Ground out 5-3 (Groundball, 56S)
Bottom of the 5th over - 1 run(s), 2 hit(s), 0 error(s), 2 left on base; Los Angeles 0 - Irvine 1
TOP OF THE 6TH
Los Angeles Bruins batting - Pitching for Irvine Gang Green : LHP Frank Jackson
Batting: RHB Brendan Vigors 0-0: Fly out, F2 (Popup, 2RF)
Batting: SHB Ramón Lugo 0-0: Ball
1-0: Ground out 6-3 (Groundball, 6)
Batting: RHB Tom Doherty 0-0: Called Strike
0-1: DOUBLE (Line Drive, 9LS)
Batting: LHB Richard Hunter 0-0: Fly out, F5 (Popup, 25)
Top of the 6th over - 0 run(s), 1 hit(s), 0 error(s), 1 left on base; Los Angeles 0 - Irvine 1
BOTTOM OF THE 6TH
Irvine Gang Green batting - Pitching for Los Angeles Bruins : RHP Juan González
Batting: LHB Víctor Quiñones 0-0: Ball
1-0: Ball
2-0: Foul Ball, location: 2F
2-1: Ground out 4-3 (Groundball, 34)
Batting: LHB Leonardo Medina 0-0: Called Strike
0-1: Swinging Strike
0-2: Ball
1-2: Strikes out swinging
Batting: RHB Oliver Hernández 0-0: Ball
1-0: Called Strike
1-1: Called Strike
1-2: Strikes out swinging
Bottom of the 6th over - 0 run(s), 0 hit(s), 0 error(s), 0 left on base; Los Angeles 0 - Irvine 1
TOP OF THE 7TH
Los Angeles Bruins batting - Pitching for Irvine Gang Green : LHP Frank Jackson
Batting: RHB Rubén Calderón 0-0: Ball
1-0: Called Strike
1-1: SINGLE (Line Drive, 9S)
Batting: RHB Morgan Gibbon 0-0: Called Strike
0-1: Ball
1-1: Ball
2-1: Foul Ball, location: 2F
2-2: Grounds into double play, 1-4-3 (Groundball, 15S)
Batting: LHB José Antonio Santiago 0-0: Called Strike
0-1: Ball
1-1: Swinging Strike
1-2: Strikes out looking
Top of the 7th over - 0 run(s), 1 hit(s), 0 error(s), 0 left on base; Los Angeles 0 - Irvine 1
BOTTOM OF THE 7TH
Irvine Gang Green batting - Pitching for Los Angeles Bruins : RHP Juan González
Batting: LHB Bill Murphy 0-0: Ball
1-0: Ball
2-0: Ball
3-0: Called Strike
3-1: Called Strike
3-2: Strikes out looking
Batting: LHB Tom Baker 0-0: Called Strike
0-1: Ball
1-1: Foul Ball, location: 2F
1-2: Foul Ball, location: 2F
1-2: Ball
2-2: Foul Ball, location: 2F
2-2: Fly out, F9 (Flyball, 9M)
Batting: RHB José Salazar 0-0: Called Strike
0-1: Ball
1-1: Ball
2-1: Ball
3-1: Called Strike
3-2: DOUBLE (Line Drive, 7LS)
Batting: SHB Adrián Ramírez 0-0: Called Strike
0-1: Ball
1-1: Swinging Strike
1-2: Ball
2-2: Strikes out swinging
Bottom of the 7th over - 0 run(s), 1 hit(s), 0 error(s), 1 left on base; Los Angeles 0 - Irvine 1
TOP OF THE 8TH
Los Angeles Bruins batting - Pitching for Irvine Gang Green : LHP Frank Jackson
Now at 2B: Pepe González
Batting: RHB Gregg Nelson 0-0: Ball
1-0: Ball
2-0: Ball
3-0: Base on Balls
Pinch Runner at 1st Tony Abete:
Batting: SHB Miguel González 0-0: Ball
1-0: Ball
2-0: Grounds into double play, 5-4-3 (Groundball, 56)
Batting: RHB Brendan Vigors 0-0: Called Strike
0-1: Ball
1-1: Ball
2-1: Ball
3-1: Base on Balls
Batting: SHB Ramón Lugo 0-0: Foul Ball, location: 2F
0-1: Ball
1-1: Foul Ball, location: 2F
1-2: Strikes out looking
Top of the 8th over - 0 run(s), 0 hit(s), 0 error(s), 1 left on base; Los Angeles 0 - Irvine 1
BOTTOM OF THE 8TH
Irvine Gang Green batting - Pitching for Los Angeles Bruins : RHP Juan González
Pitching: RHP Mike Fisher
Now at SS: Damon Mitchell
Batting: LHB Tony Tavárez 0-0: Ball
1-0: Foul Ball, location: 2F
1-1: Foul Ball, location: 2F
1-2: Strikes out swinging
Batting: LHB Bryce Hopkins 0-0: SINGLE (Groundball, 4M)
Pinch Runner at 1st José García:
Batting: LHB Víctor Quiñones 0-0: Called Strike
0-1: Called Strike
0-2: Ball
1-2: Foul Ball, location: 2F
1-2: Foul Ball, location: 2F
1-2: SINGLE (Groundball, 4MD)
José García to second
Runner from 2nd tries for 3rd, SAFE, no throw or cutoff
Batting: LHB Leonardo Medina 0-0: Called Strike
0-1: Swinging Strike
0-2: Ball
Reached via error on a dropped throw, E6
José García scores
Víctor Quiñones to second
Batting: RHB Oliver Hernández 0-0: Ball
1-0: Foul Ball, location: 2F
1-1: Foul Ball, location: 2F
1-2: Ball
2-2: Ball
3-2: Foul Ball, location: 2F
3-2: Strikes out swinging
Batting: RHB Pepe González 0-0: Ball
1-0: Called Strike
1-1: Ball
2-1: Ball
3-1: SINGLE (Line Drive, 3D)
Víctor Quiñones to third
Leonardo Medina to second
Pinch Hitting: LHB Lorenzo Quintanilla 0-0: Ball
1-0: Foul Ball, location: 2F
1-1: Ball
2-1: Swinging Strike
2-2: Foul Ball, location: 2F
2-2: Ball
3-2: Foul Ball, location: 2F
3-2: Foul Ball, location: 2F
3-2: SINGLE (Groundball, 6M)
Víctor Quiñones scores
Leonardo Medina to third
Pepe González to second
Leonardo Medina scores
Pepe González to third
Batting: RHB José Salazar 0-0: Called Strike
0-1: Foul Ball, location: 2F
0-2: Ball
1-2: Foul Ball, location: 2F
1-2: Foul Ball, location: 2F
1-2: Ball
2-2: Ground out 4-3 (Groundball, 4)
Bottom of the 8th over - 3 run(s), 4 hit(s), 1 error(s), 2 left on base; Los Angeles 0 - Irvine 4
TOP OF THE 9TH
Los Angeles Bruins batting - Pitching for Irvine Gang Green : LHP Frank Jackson
Now in LF: Lorenzo Quintanilla
Now in RF: José García
Batting: RHB Tom Doherty 0-0: Called Strike
0-1: Ball
1-1: Ball
2-1: Foul Ball, location: 2F
2-2: Strikes out swinging
Batting: LHB Richard Hunter 0-0: Ball
1-0: Swinging Strike
1-1: Called Strike
1-2: Ball
2-2: Strikes out swinging
Batting: RHB Rubén Calderón 0-0: Ball
1-0: Called Strike
1-1: Ball
2-1: Ground out 6-3 (Groundball, 6M)
Top of the 9th over - 0 run(s), 0 hit(s), 0 error(s), 0 left on base; Los Angeles 0 - Irvine 4
This league is powered by Out of the Park Baseball, the baseball management simulation game for PC, Mac and Linux
Saturday, April 9th, 2016 - OOTP Baseball 16.8 Build 38